 Dungeon Crawl Stone Soup version 0.20.1-1-g8b1a95d (webtiles) character file.

408 Lennu the Slasher (level 6, -7/52 HPs)
             Began as a Draconian Fighter on July 13, 2017.
             Was a Follower of Qazlal.
             Mangled by Prince Ribbit (15 damage)
             ... on level 5 of the Dungeon.
             The game lasted 00:09:45 (4892 turns).

Lennu the Slasher (Draconian Fighter)               Turns: 4892, Time: 00:09:46

Health: -7/52      AC:  9    Str: 19    XL:     6   Next: 57%
Magic:  7/7        EV: 11    Int:  8    God:    Qazlal [*.....]
Gold:   330        SH: 12    Dex: 12    Spells: 5/5 levels left

rFire    . . .     SeeInvis +   a - +0 long sword
rCold    . . .     Gourm    .   b - +1 shield
rNeg     . . .     Faith    .   (armour unavailable)
rPois    .         Spirit   .   (helmet restricted)
rElec    .         Reflect  .   (no cloak)
rCorr    .         Harm     +   (no gloves)
MR       .....                  (no boots)
Stlth    +.........             B - amulet of harm
Regen    0.2/turn               z - ring of see invisible
MPRegen  0.1/turn               u - +3 ring of protection

@: no status effects
A: unfitting armour, cold-blooded, AC +6
a: Renounce Religion


You were on level 5 of the Dungeon.
You worshipped Qazlal.
Qazlal was aware of your devotion.
You were not hungry.

You visited 1 branch of the dungeon, and saw 5 of its levels.

You collected 330 gold pieces.

Inventory:

Hand Weapons
 a - a +0 long sword (weapon)
Armour
 b - a +1 shield (worn)
Jewellery
 u - a +3 ring of protection (right hand)
 z - a ring of see invisible (left hand)
 B - an amulet of harm (around neck)
Wands
 i - a wand of flame (33/48)
 v - a wand of random effects (37/48)
 y - a wand of iceblast (11/15)
 C - a wand of polymorph (15/24)
Scrolls
 e - a scroll of fear
 k - a scroll of identify
 p - a scroll of remove curse
 q - a scroll of enchant armour
 x - a scroll of recharging
Potions
 c - 3 potions of might
 h - 2 potions of agility {unknown}
 l - a potion of berserk rage {unknown}
 m - a potion of haste {unknown}
 o - 3 potions of curing {unknown}
 r - a potion of flight {unknown}
 s - 2 potions of cancellation {unknown}
 w - a potion of lignification {unknown}
 A - a potion of mutation {unknown}
Comestibles
 d - 2 bread rations
 f - 6 chunks of flesh
 t - 5 fruits


   Skills:
 + Level 4.1 Fighting
 + Level 4.3 Long Blades
 + Level 3.9 Dodging
 - Level 0.4 Stealth
 + Level 4.1 Shields
 * Level 2.5 Invocations


You had 5 spell levels left.
You didn't know any spells.

Dungeon Overview and Level Annotations

Branches:
Dungeon (5/15)
 Temple: D:4-7

Altars:
Cheibriados
Dithmenos
Nemelex Xobeh
Qazlal
Trog

Annotations:
D:5 Prince Ribbit


Innate Abilities, Weirdness & Mutations

Your plain brown scales are hard. (AC +6)
You cannot fit into any form of body armour.
You are cold-blooded and may be slowed by cold attacks.


Message History

Prince Ribbit hits you.
You barely miss Prince Ribbit. You block the hound's attack.
Prince Ribbit hits you. The hound bites you but does no damage.
You block Prince Ribbit's attack. You block the hound's attack.
You hit the hound.
The hound is severely wounded.
Prince Ribbit hits you.
* * * LOW HITPOINT WARNING * * *
You block the hound's attack. You block Prince Ribbit's attack.
The hound bites you.
* * * LOW HITPOINT WARNING * * *
You feel much better. Prince Ribbit hits you!
* * * LOW HITPOINT WARNING * * *
You block the hound's attack.
You closely miss the hound.
The hound is severely wounded.
Prince Ribbit misses you. The hound bites you but does no damage.
Prince Ribbit hits you!
You die...

.... #.....#..#.###[#
#..###..##.#.##))...#
#..#..###.#.###...##
..##.....##..#.#
#...#
...............#
#...#
#.........##..#####.#
##..._...####.......#
#.......F.##..#######
.........h@....#
..##.....##.(.## .
#..#..###..# #..###..
#..# .... #.. ...#
### ...#...# .. #####


You could see Prince Ribbit and a hound.

Vanquished Creatures
  A howler monkey (D:4)
  A crimson imp (D:5)
  A jelly (D:5)
  An orc priest (D:5)
  A hound (D:4)
  A bullfrog skeleton (D:4)
  2 worker ants (D:4)
  A hound skeleton (D:4)
  6 adders
  An ooze (D:3)
  4 worms
  2 dart slugs
  5 leopard geckos
  11 orcs
  A ball python (D:4)
  A giant cockroach (D:1)
  8 goblins
  3 hobgoblins (D:1)
  5 jackals
  13 kobolds
  5 bats
  4 frilled lizards
  A leopard gecko skeleton (D:4)
  3 rats
82 creatures vanquished.

Notes
Turn   | Place    | Note
-------+----------+-------------------------------------------
     0 | D:1      | Lennu the Draconian Fighter began the quest for the Orb.
     0 | D:1      | Reached XP level 1. HP: 19/19 MP: 1/1
   159 | D:1      | Reached XP level 2. HP: 19/26 MP: 2/2
  1052 | D:2      | Reached XP level 3. HP: 22/33 MP: 3/3
  1584 | D:2      | Found a stormy altar of Qazlal.
  1592 | D:2      | Became a worshipper of Qazlal Stormbringer
  2234 | D:3      | Found a sparkling altar of Nemelex Xobeh.
  2304 | D:3      | Reached XP level 4. HP: 40/40 MP: 4/4
  3469 | D:4      | Found a snail-covered altar of Cheibriados.
  3658 | D:4      | Reached XP level 5. HP: 22/46 MP: 5/5
  3935 | D:4      | Reached skill level 1 in Invocations
  4109 | D:4      | Reached * piety under Qazlal
  4252 | D:4      | Reached XP level 6. HP: 37/52 MP: 7/7
  4587 | D:4      | Found a bloodstained altar of Trog.
  4676 | D:5      | Entered Level 5 of the Dungeon
  4834 | D:5      | Found a shadowy altar of Dithmenos.
  4882 | D:5      | Noticed Prince Ribbit
  4892 | D:5      | Mangled by Prince Ribbit

Skill      XL: |  1  2  3  4  5  6 |
---------------+-------------------+-----
Dodging        | 3 |  3.9
Long Blades    | 3 4 |  4.3
Fighting       | 4 |  4.1
Invocations    | 1 2 |  2.5
Shields        | 4 |  4.1
Stealth        | |  0.4

Action                   |  1- 3 |  4- 6 || total
-------------------------+-------+-------++-------
Melee: Long sword        |   118 |   178 ||   296
       Tailslap          |    13 |    32 ||    45
  Use: Scroll            |     1 |    10 ||    11
       Potion            |     1 |     1 ||     2
 Stab: Sleeping          |     4 |       ||     4
  Eat: Chunk             |     3 |     5 ||     8
       Meat ration       |     1 |       ||     1
Armor: Skin              |    42 |    36 ||    78
Dodge: Dodged            |    56 |    67 ||   123
Block: Shield            |    54 |    86 ||   140
       Rpst.: Long sword |    18 |    22 ||    40
